 Dungeon Crawl Stone Soup version 0.30.0-19-g36f170ea60 (webtiles) character file.

Game seed: 18005610171741376424

10481 Dordric the Basher (level 11, -24/60 HPs)
             Began as a Gargoyle Fighter on May 26, 2023.
             Was a High Priest of Zin.
             Annihilated by a very large slime creature (51 damage)
             ... on level 12 of the Dungeon.
             The game lasted 00:20:20 (11541 turns).

Dordric the Basher (Gargoyle Fighter)              Turns: 11541, Time: 00:20:21

Health: -24/60     AC: 30    Str: 25    XL:     11   Next: 62%
Magic:  19/19      EV: 11    Int:  8    God:    Zin [*****.]
Gold:   812        SH: 14    Dex:  9    Spells: 10/10 levels left

rFire   . . .        H - +9 mace of Caus Nemp {freeze, rElec}
rCold   . . .        Q - +0 kite shield
rNeg    + . .        G - +3 plate armour
rPois   ∞            u - +0 helmet
rElec   +            p - +0 cloak
rCorr   .            h - +1 pair of gloves
SInv    .            M - +2 pair of boots
Will    +....        w - amulet of reflection Stlth
                     l - ring of willpower
HPRegen 0.30/turn    f - +5 ring of evasion
MPRegen 0.16/turn

%: reflection
@: no status effects
A: sickness immunity, AC +8, negative energy resistance 1, electricity
resistance, torment resistance 1, petrification resistance
a: Renounce Religion, Recite, Vitalisation, Imprison, Sanctuary, Donate Gold


You were on level 12 of the Dungeon.
You worshipped Zin.
Zin was extremely pleased with you.
You visited 2 branches of the dungeon, and saw 13 of its levels.
You also visited: Sewer and Ossuary.

You collected 900 gold pieces.
You donated 88 gold pieces to Zin.

Inventory:

Hand Weapons
 a - a +0 flail
 r - a +0 morningstar
 C - a +2 great mace of venom
 H - the +9 mace of Caus Nemp (weapon) {freeze, rElec}
   (You found it on level 5 of the Dungeon)

   rElec:     It insulates you from electricity.
Missiles
 T - a throwing net
Armour
 c - a +0 buckler
 h - a +1 pair of gloves (worn)
 p - a +0 cloak (worn)
 u - a +0 helmet (worn)
 G - a +3 plate armour (worn)
 M - a +2 pair of boots (worn)
 Q - a +0 kite shield (worn)
Jewellery
 f - a +5 ring of evasion (right hand)
 l - a ring of willpower (left hand)
 m - a +6 ring of intelligence
 s - an amulet of regeneration
 w - an amulet of reflection (around neck)
 U - an amulet of the acrobat
Wands
 L - a wand of mindburst (3)
 N - a wand of digging (7)
 S - a wand of roots (7)
Scrolls
 b - 2 scrolls of immolation
 e - 4 scrolls of fear
 i - 2 scrolls of brand weapon
 k - 2 scrolls of enchant armour
 o - a scroll of vulnerability
 t - 2 scrolls of torment
 x - 4 scrolls of poison
 y - 3 scrolls of blinking
 z - 2 scrolls of silence
 I - 3 scrolls of teleportation
 J - 2 scrolls of noise
 O - a scroll of magic mapping
Potions
 d - 2 potions of lignification
 g - a potion of mutation {unknown}
 j - a potion of berserk rage
 n - 3 potions of ambrosia
 q - 3 potions of resistance
 v - 4 potions of might
 A - 2 potions of degeneration {unknown}
 B - 2 potions of haste
 D - 2 potions of flight {unknown}
 E - a potion of magic {unknown}
 F - 2 potions of curing
 K - a potion of brilliance
 P - a potion of attraction {unknown}
Miscellaneous
 R - a condenser vane


   Skills:
 - Level 3.2 Fighting
 + Level 13.5 Maces & Flails
 - Level 3.2 Armour
 + Level 7.2 Shields
 + Level 11.4 Invocations


You had 10 spell levels left.
You didn't know any spells.
Your spell library contained the following spells:

 Spells                   Type           Power      Damage    Failure   Level
 Magic Dart               Conj           0%         1d3       100%        1
 Ensorcelled Hibernation  Hex/Ice        0%         N/A       100%        2
 Searing Ray              Conj           0%         2d4       100%        2
 Wereblood                Tmut           0%         N/A       100%        2
 Call Canine Familiar     Summ           0%         N/A       100%        3
 Frozen Ramparts          Ice            0%         1d1       100%        3
 Portal Projectile        Hex/Tloc       0%         N/A       100%        3
 Spider Form              Tmut/Pois      0%         N/A       100%        3
 Tukima's Dance           Hex            0%         N/A       100%        3
 Anguish                  Hex/Necr       0%         N/A       100%        4
 Fulminant Prism          Conj/Hex       0%         3d5       100%        4
 Ice Form                 Ice/Tmut       0%         N/A       100%        4
 Leda's Liquefaction      Hex/Erth       0%         N/A       100%        4
 Passage of Golubria      Tloc           0%         N/A       100%        4
 Summon Ice Beast         Ice/Summ       0%         N/A       100%        4
 Summon Lightning Spire   Summ/Air       0%         N/A       100%        4
 Blade Hands              Tmut           0%         N/A       100%        5
 Yara's Violent Unravell  Hex/Tmut       0%         3d3       100%        5
 Simulacrum               Ice/Necr       0%         N/A       100%        6
 Ozocubu's Refrigeration  Ice            0%         4d7       100%        7
 Storm Form               Tmut/Air       0%         N/A       100%        7
 Summon Hydra             Summ           0%         N/A       100%        7
 Maxwell's Capacitive Co  Air            0%         ∞         100%        8
 Polar Vortex             Ice            0%         N/A       100%        9
 Sublimation of Blood     Necr           Unusable   N/A       N/A         2

Dungeon Overview and Level Annotations

Branches:
Dungeon (12/15)            Temple (1/1) D:4            Lair (0/5) D:11
  Sewer (visited)         Ossuary (visited)
    Orc: D:9-12

Altars:
Ashenzari
Cheibriados
Dithmenos
Elyvilon
Fedhas
Gozag
Hepliaklqana
Kikubaaqudgha
Makhleb
Nemelex Xobeh
Okawaru
Qazlal
Ru
Sif Muna
Trog
Uskayaw
Vehumet
Wu Jian
Xom
Yredelemnul
Zin
The Shining One

Shops:
D:5 [   D:6 *   D:8 :

Portals:
Abyss: D:11

Annotations:
D:4 1 runed translucent door, Kamelo's ghost, novice TeAE
D:7 3 runed translucent doors, Sabo's ghost, novice DsBe
D:8 2 transporters
D:11 2 transporters, knightboat's ghost, journeyman DEFE


Innate Abilities, Weirdness & Mutations

You are immune to sickness and miasma.
Your stone body is resilient. (AC +8)
You are immune to poison.
You resist negative energy. (rN+)
You are resistant to electric shocks. (rElec)
You are resistant to unholy torment.
You are immune to petrification.


Message History

Something hits you but does no damage. The orc hits you with a +0 falchion.
The large slime creature hits you but does no damage.
Two slime creatures merge to form a very large slime creature.
You bludgeon the very large slime creature!!
You freeze the very large slime creature.
The very large slime creature is heavily wounded.
You block the orc's attack. Something hits you but does no damage.
You hit the very large slime creature.
You freeze the very large slime creature.
The very large slime creature is heavily wounded.
An orc wizard comes into view. It is wielding a +0 dagger.
Something hits you but does no damage. The orc barely misses you.
The orc wizard shouts!
You hit the very large slime creature.
You freeze the very large slime creature.
The very large slime creature is heavily wounded.
You hear a shout! x2
The very large slime creature hits you!
You hear some strange, mumbled words.
A magic dart appears from out of thin air!
The magic dart hits you but does no damage.
You block the orc's attack.
You sock the very large slime creature!
You freeze the very large slime creature.
The very large slime creature is severely wounded.
You block the very large slime creature's attack.
Something hits you but does no damage. The orc hits you but does no damage.
You hit the very large slime creature but do no damage.
The very large slime creature is severely wounded.
You bludgeon the very large slime creature!!
You freeze the very large slime creature!
The very large slime creature is severely wounded.
The very large slime creature hits you!!
The orc hits you but does no damage. Something hits you.
You sock the very large slime creature!
You freeze the very large slime creature.
The very large slime creature is almost dead.
The very large slime creature hits you!!!
Ouch! That really hurt!
You die...

#############
#............
######..........J.
####........>.....!..
#................J.J$
##...................#
#..............!.....#
#...........##J######
#...........###@#
#....###....# #{o#
##...#......# .....
#..........##.o.#..#
#........######...#.#
##.......### .##. .#
#.........# .. # #
####.........# .#
.............#


You could see a very large slime creature, an orc wizard and an orc.

Vanquished Creatures
  A two-headed ogre (D:9)
  An ugly thing (D:12)
  Maurice (D:8)
  Joseph (D:8)
  A gargoyle (D:11)
  2 unseen horrors
  Psyche (D:8)
  3 trolls
  A hornet (D:10)
  Grinder (D:3)
  A spriggan (D:9)
  A wyvern (D:9)
  2 vampires
  7 yaks
  A steam dragon (D:7)
  2 wraiths
  4 acid dragons
  7 orc warriors
  2 black bears
  2 ogres
  A sky beast (D:7)
  A centaur (D:7)
  2 phantoms
  A kobold brigand (D:11)
  A bullfrog (D:7)
  2 gnoll sergeants
  6 scorpions
  11 wights
  9 killer bees
  3 howler monkeys (D:7)
  4 electric eels (D:12)
  2 hounds (D:6)
  2 jellies
  2 orc priests
  2 gnoll boudas
  3 iguanas
  4 sleepcaps
  7 orc wizards
  8 mummies (Ossuary)
  Robin (D:2)
  7 adders
  15 gnolls
  3 river rats (Sewer)
  3 white imps
  An ufetubus (D:5)
  2 worms
  2 dart slugs
  40 orcs
  9 ball pythons
  3 endoplasms
  2 giant cockroaches (D:1)
  12 goblins
  8 hobgoblins
  3 quokkas
  A bat (D:1)
  6 frilled lizards
  2 gnoll zombies (Ossuary)
  3 hobgoblin zombies (Ossuary)
  15 kobolds
  2 kobold zombies (Ossuary)
  An orc zombie (Ossuary)
  8 rats
262 creatures vanquished.

Vanquished Creatures (others)
  A kobold brigand (D:6)
  An orc wizard (D:4)
2 creatures vanquished.

Grand Total: 264 creatures vanquished

Notes
Turn   | Place    | Note
-------+----------+-------------------------------------------
     0 | D:1      | Dordric the Gargoyle Fighter began the quest for the Orb.
     0 | D:1      | Reached XP level 1. HP: 14/14 MP: 1/1
    30 | D:1      | Found a faded altar of an unknown god.
   310 | D:1      | Reached XP level 2. HP: 19/19 MP: 2/2
   541 | D:1      | Reached skill level 3 in Maces & Flails
  1061 | D:2      | Reached XP level 3. HP: 23/23 MP: 3/3
  1520 | D:2      | Found a hide-covered altar of Uskayaw.
  1761 | D:3      | Noticed Grinder
  1779 | D:3      | Paralysed by Grinder for 3 turns
  1788 | D:3      | Killed Grinder
  1789 | D:3      | Reached skill level 6 in Maces & Flails
  1789 | D:3      | Reached XP level 4. HP: 12/28 MP: 4/4
  1789 | D:3      | Reached XP level 5. HP: 14/32 MP: 5/5
  1789 | D:3      | Reached XP level 6. HP: 16/37 MP: 6/6
  2023 | D:3      | Noticed Robin
  2186 | D:2      | Killed Robin
  2747 | D:4      | Found an iron altar of Okawaru.
  2747 | D:4      | Found a snail-covered altar of Cheibriados.
  2750 | D:4      | Found an ancient bone altar of Kikubaaqudgha.
  3065 | D:4      | Found a glowing golden altar of the Shining One.
  3065 | D:4      | Found an opulent altar of Gozag.
  3075 | D:4      | Found a sand-covered staircase.
  3084 | Ossuary  | Entered an ossuary
  3102 | Ossuary  | Reached skill level 7 in Maces & Flails
  3266 | Ossuary  | Reached XP level 7. HP: 40/41 MP: 7/7
  3415 | Ossuary  | Identified a scroll of acquirement
  3415 | Ossuary  | Acquired a +2 great mace of venom
  3553 | D:4      | Reached skill level 8 in Maces & Flails
  3609 | D:4      | Found a runed translucent door.
  3610 | D:4      | Noticed Kamelo's ghost (novice TeAE)
  3659 | D:4      | Found a staircase to the Ecumenical Temple.
  3669 | Temple   | Entered the Ecumenical Temple
  3966 | Temple   | Became a worshipper of Zin the Law-Giver
  3966 | Temple   | Reached * piety under Zin
  3966 | Temple   | Reached ** piety under Zin
  4353 | D:5      | Entered Level 5 of the Dungeon
  4468 | D:5      | Reached skill level 1 in Invocations
  4468 | D:5      | Reached XP level 8. HP: 28/46 MP: 7/9
  4668 | D:5      | Reached skill level 9 in Maces & Flails
  4668 | D:5      | Identified the +9 mace of Caus Nemp {freeze, rElec}
  5082 | D:5      | Found Hiawn's Antique Armour Boutique.
  5313 | D:6      | Found a glowing drain.
  5330 | Sewer    | Entered a sewer
  5696 | D:6      | Noticed a wraith
  5706 | D:6      | Killed a wraith
  5716 | D:6      | Found Axomele's Mass Market.
  6494 | D:6      | Reached skill level 10 in Maces & Flails
  6494 | D:6      | Reached skill level 5 in Invocations
  6507 | D:6      | Reached XP level 9. HP: 48/51 MP: 12/12
  7031 | D:7      | Found a runed translucent gate.
  7031 | D:7      | Noticed Sabo's ghost (novice DsBe)
  7032 | D:7      | Found a runed translucent gate.
  7033 | D:7      | Found a runed translucent gate.
  7565 | D:7      | Reached skill level 11 in Maces & Flails
  7802 | D:8      | Noticed Psyche
  7812 | D:8      | Killed Psyche
  7825 | D:8      | Killed an unseen horror
  7905 | D:8      | Noticed Maurice
  7932 | D:8      | Killed Maurice
  7933 | D:8      | Reached XP level 10. HP: 48/56 MP: 16/16
  7987 | D:8      | Reached *** piety under Zin
  8014 | D:8      | Reached skill level 12 in Maces & Flails
  8096 | D:8      | Found Zalur's Book Shoppe.
  8212 | D:8      | Noticed Joseph
  8233 | D:8      | Killed Joseph
  8500 | D:8      | Found a transporter.
  8729 | D:8      | Found a transporter.
  9100 | D:9      | Reached skill level 10 in Invocations
  9132 | D:9      | Reached **** piety under Zin
  9364 | D:9      | Noticed a two-headed ogre
  9375 | D:9      | Killed a two-headed ogre
  9376 | D:9      | Reached skill level 5 in Shields
  9575 | D:9      | Reached XP level 11. HP: 60/60 MP: 18/18
  9710 | D:9      | Reached skill level 13 in Maces & Flails
  9769 | D:10     | Entered Level 10 of the Dungeon
 10005 | D:10     | Reached ***** piety under Zin
 10642 | D:11     | Found a transporter.
 10658 | D:11     | Found a one-way gate to the infinite horrors of the Abyss.
 10658 | D:11     | Noticed a worldbinder
 10902 | D:11     | Found a staircase to the Lair.
 10987 | D:11     | Noticed a great orb of eyes
 10996 | D:11     | Noticed knightboat's ghost (journeyman DEFE)
 11008 | D:11     | Noticed a moth of wrath
 11018 | D:11     | Noticed a deep troll
 11169 | D:11     | Noticed a shining eye
 11177 | D:11     | Found a transporter.
 11234 | D:12     | Noticed a white ugly thing
 11255 | D:12     | Killed a white ugly thing
 11541 | D:12     | Annihilated by a very large slime creature

Illustrated notes

Levels and vault maps discovered:
D:1:      scummos_arrival_simple_crosswalls, layout_basic,
          dreamdust_ecumenical_altar_angels_and_demons
D:2:      layout_basic, basic_altar
D:3:      layout_basic, uniq_grinder, uniq_robin
D:4:      layout_loops_ring, nicolae_overflow_hidden_temple,
          gammafunk_temple_overflow_wave, minmay_temple_entry_drinking_statues,
          ebering_ghost_sewer_d, nicolae_ossuary_entry_monument,
          grunt_decor_arrowhead, chequers_big_river
D:5:      layout_basic, serial_shops, shop, amcnicky_mini_corridor_feature
D:6:      layout_cave_pools, serial_co_window_serial, co_window_corner_a,
          co_window_paths_a, co_window_corner_a, co_window_paths_b,
          co_window_corner_a, co_window_broadway_a, co_window_corner_b,
          co_window_corner_b, co_window_corner_cb, co_window_4corner_a,
          glass_columns_c, glass_columns_b, cheibrodos_sewer_entry_sluice,
          minmay_shop_mass
D:7:      layout_basic, biasface_ghost_orc_armoury, kb_lookout_dungeons_type,
          chequers_serial_rivers_micro_e
D:8:      layout_gridville, serial_shops, shop, nicolae_diode_stairs,
          uniq_psyche, uniq_joseph, uniq_maurice
D:9:      layout_basic, special_room [special_room_orc], the_hattery
D:10:     layout_gridville
D:11:     layout_roguey, grunt_lair_entry_orc_guard_hut,
          gammafunk_ghost_abyssal_escape, grunt_decor_fettered
D:12:     layout_basic, erik_orc_3
Temple:   minmay_temple_bridge_d

Skill      XL: |  1  2  3  4  5  6  7  8  9 10 11 |
---------------+----------------------------------+-----
Maces & Flails | 3 6 7 8 10 11 12 13 | 13.5
Invocations    | 1 5 8 10 11 | 11.4
Shields        | 5 7 |  7.2
Fighting       | |  3.2
Armour         | |  3.2

Action                     |  1- 3 |  4- 6 |  7- 9 | 10-12 || total
---------------------------+-------+-------+-------+-------++-------
  Melee: Flail             |   125 |    99 |       |       ||   224
         Morningstar       |       |    50 |    14 |       ||    64
         Great mace        |       |       |    44 |       ||    44
         Mace              |       |       |   199 |   326 ||   525
 Invoke: Recite            |       |       |     2 |     9 ||    11
         Vitalisation      |       |       |       |     3 ||     3
    Use: Potion            |     1 |     1 |       |     4 ||     6
         Scroll            |       |     5 |     5 |     6 ||    16
   Stab: Confused          |       |       |       |     1 ||     1
         Invisible         |       |       |       |     1 ||     1
         Paralysed         |       |       |       |     1 ||     1
 Armour: Scale mail        |    54 |    88 |     6 |       ||   148
         Chain mail        |       |       |    87 |    31 ||   118
         Plate armour      |       |       |       |    76 ||    76
  Dodge: Dodged            |    51 |    56 |   123 |    83 ||   313
  Block: Buckler           |    28 |    37 |    66 |    13 ||   144
         Other             |       |       |     9 |       ||     9
         Reflection        |       |       |     3 |     7 ||    10
         Kite shield       |       |       |       |   153 ||   153
